 Dungeon Crawl Stone Soup version 0.26-a0-854-gdc81c2f471 (webtiles) character file.

Game seed: 11863687315287867509

8287 Gargoyl the Fighter (level 11, -1/91 HPs)
             Began as a Gnoll Abyssal Knight on Nov 23, 2020.
             Was an Elder of Lugonu.
             Killed from afar by a starcursed mass (6 damage)
             ... with an accursed screaming
             ... summoned by Lugonu's corruption
             ... on level 10 of the Dungeon.
             The game lasted 00:15:24 (12259 turns).

Gargoyl the Fighter (Gnoll Abyssal Knight)         Turns: 12259, Time: 00:15:25

Health: -1/91      AC: 23    Str: 19    XL:     11   Next: 28%
Magic:  13/20      EV: 11    Int: 14    God:    Lugonu [****..]
Gold:   698        SH: 11    Dex: 14    Spells: 22/22 levels left

rFire    . . .     SeeInvis .   D - +1 war axe (elec)
rCold    . . .     Faith    .   u - +1 kite shield
rNeg     . . .     Spirit   .   c - +0 plate armour
rPois    .         Reflect  .   p - +0 helmet
rElec    .         Harm     .   s - +0 cloak (curse)
rCorr    .         Rampage  .   k - +1 pair of gloves
MR       .....                  (no boots)
Stlth    ..........             (no amulet)
HPRegen  0.25/turn              e - +4 ring of evasion
MPRegen  0.17/turn              l - +4 ring of protection

@: brilliant, very slightly contaminated, invisible
A: distributed training, fangs 1, rugged brown scales 1, sense surroundings 1,
strong nose
a: Depart the Abyss, Bend Space, Banish, Corrupt, Renounce Religion


You were on level 10 of the Dungeon.
You worshipped Lugonu.
Lugonu was greatly pleased with you.
You visited 1 branch of the dungeon, and saw 10 of its levels.
You visited the Abyss 2 times.

You collected 698 gold pieces.

Inventory:

Hand Weapons
 a - a +2 hand axe
 r - a +0 broad axe
 v - a +1 demon whip of venom
 D - a +1 war axe of electrocution (weapon)
Missiles
 f - 45 poisoned darts (quivered)
Armour
 c - a +0 plate armour (worn)
 k - a +1 pair of gloves (worn)
 p - a +0 helmet (worn)
 s - a cursed +0 cloak (worn)
 u - a +1 kite shield (worn)
Jewellery
 e - a +4 ring of evasion (left hand)
 j - an uncursed ring of resist corrosion
 l - a +4 ring of protection (right hand)
 x - an uncursed ring of see invisible {unknown}
Wands
 m - a wand of enslavement (1)
 q - a wand of iceblast (6)
 t - a wand of random effects (24)
 y - a wand of polymorph (7)
 E - a wand of disintegration (13)
Scrolls
 b - 7 scrolls of identify
 h - 2 scrolls of remove curse
 n - a scroll of fog
 o - 3 scrolls of teleportation
 w - a scroll of magic mapping
 z - 3 scrolls of fear
 B - 2 scrolls of enchant armour
 C - a scroll of blinking
Potions
 d - a potion of flight
 g - 2 potions of might


   Skills:
 + Level 9.1 Fighting
 + Level 6.1 Short Blades
 + Level 6.1 Long Blades
 + Level 7.7 Axes
 + Level 6.1 Maces & Flails
 + Level 6.1 Polearms
 + Level 6.1 Staves
 + Level 6.1 Slings
 + Level 6.1 Bows
 + Level 6.1 Crossbows
 + Level 6.1 Throwing
 + Level 7.7 Armour
 + Level 6.7 Dodging
 + Level 6.1 Stealth
 + Level 6.1 Shields
 + Level 6.1 Unarmed Combat
 + Level 6.1 Spellcasting
 + Level 5.1 Conjurations
 + Level 5.1 Hexes
 + Level 5.1 Summonings
 + Level 5.1 Necromancy
 + Level 5.1 Translocations
 + Level 5.1 Transmutations
 + Level 5.1 Fire Magic
 + Level 5.1 Ice Magic
 + Level 5.1 Air Magic
 + Level 5.1 Earth Magic
 + Level 5.1 Poison Magic
 + Level 8.2 Invocations
 + Level 6.1 Evocations


You had 22 spell levels left.
You didn't know any spells.
Your spell library contained the following spells:

 Spells                   Type           Power        Failure   Level
 Freeze                   Ice            ####         82%         1
 Summon Small Mammal      Summ           ####         82%         1
 Call Imp                 Summ           ####....     91%         2
 Call Canine Familiar     Summ           ####....     99%         3
 Ozocubu's Armour         Ice            ####....     99%         3
 Summon Guardian Golem    Hex/Summ       ####....     99%         3
 Hailstorm                Conj/Ice       ####....     100%        4
 Summon Ice Beast         Ice/Summ       ####....     100%        4
 Summon Lightning Spire   Summ/Air       ####....     100%        4
 Simulacrum               Ice/Necr       ####......   100%        6


Dungeon Overview and Level Annotations

Branches:
Dungeon (10/15)            Temple (0/1) D:4            Lair (0/6) D:10
    Orc (0/2) D:10

Altars:
Ashenzari
Dithmenos
Gozag
Kikubaaqudgha
Makhleb
Okawaru
Uskayaw
Yredelemnul
Zin
The Shining One

Annotations:
D:10 2 transporters, corrupted, kuniqs's ghost, journeyman MiGl


Innate Abilities, Weirdness & Mutations

Your experience applies equally to all skills.
You have very sharp teeth.
Your uncanny sense of smell can sniff out nearby items.
You are partially covered in rugged brown scales. (AC +1, +3% HP)
You passively map a small area around you.


Message History

The starcursed mass seems to speed up.
The starcursed mass shudders and withdraws towards its neighbour. x3
A tentacle flies out from the starspawn's body!
A starspawn tentacle comes into view.
There is a transporter landing site here.
A starcursed mass splits.
Kuniqs's ghost shouts, "Death is your only future!"
A starcursed mass splits.
Something hits the starcursed mass.
The starcursed mass shudders and is absorbed by its neighbour.
A starcursed mass splits.
The ice devil writhes in pain as voices assail its mind.
The ice devil suddenly stops moving!
The large abomination hits the ice devil!!
The large abomination hits the ice devil!!
The ice devil dies!
The starcursed mass engulfs something but does no damage.
Something engulfs the starcursed mass but does no damage.
A chorus of shrieks assaults your mind.
You die...

, , * #..................
#..................# ,
#..........>.......# , ,
'..................#
#######..................#
, *....................#
..#
#.,..................###..#
,#.. .........@...........#
#... #).......########...#
#...###).).....#.....©#...#
......)))......#O.##..#...#
,
........##'###.#O#..#,#...#
......)(#...)..#W#..# #...#
.............XX#O.##..#...#
........#...)..#[....©#†..#
....#X..#.X.X.X#O.##..#...#


You could see 2 starcursed masses, 2 two-headed ogres, an ogre and kuniqs's
ghost.

Vanquished Creatures
  Erolcha (D:9)
  Urug (D:9)
  An ugly thing (D:9)
  Joseph (D:10)
  A gargoyle (D:10)
  Maggie (D:6)
  A troll (D:10)
  A hornet (D:9)
  Grinder (D:5)
  Sigmund (D:3)
  Menkaure (D:5)
  A steam dragon (D:9)
  A water moccasin (D:9)
  An ice beast (D:10)
  6 orc warriors
  A sky beast (D:9)
  A black bear (D:8)
  A necrophage (D:9)
  5 ogres
  6 centaurs
  2 big kobolds (D:9)
  A bullfrog (D:9)
  Blork the orc (D:6)
  2 gnoll sergeants
  A wyvern zombie (D:10)
  A scorpion (D:10)
  5 howler monkeys
  An electric eel (D:6)
  A centaur zombie (D:7)
  A bullfrog zombie (D:9)
  A jelly (D:9)
  A gnoll shaman (D:5)
  7 hounds
  9 orc wizards
  6 orc priests
  3 bullfrog skeletons
  5 iguanas
  9 worker ants
  A killer bee zombie (D:9)
  A hound zombie (D:7)
  Robin (D:3)
  19 gnolls
  A howler monkey skeleton (D:9)
  11 adders
  3 white imps
  An ooze (D:1)
  4 adder zombies
  3 adder skeletons
  3 dart slugs (D:1)
  9 leopard geckos
  29 orcs
  2 bats
  4 giant cockroaches
  12 goblins
  12 hobgoblins
  4 jackals
  18 kobolds
  8 quokkas
  3 ball pythons
  3 frilled lizards
  5 rats
248 creatures vanquished.

Vanquished Creatures (others)
  Snorg (D:10)
  A big kobold (D:10)
  A kobold (D:10)
  A goblin (D:3)
  9 plants (D:6)
  3 starspawn tentacles (D:10)
16 creatures vanquished.

Grand Total: 264 creatures vanquished

Notes
Turn   | Place    | Note
-------+----------+-------------------------------------------
     0 | Abyss:1  | Gargoyl the Gnoll Abyssal Knight began the quest for the
                  | Orb.
     0 | Abyss:1  | Reached XP level 1. HP: 23/23 MP: 3/3
    91 | Abyss:2  | Noticed a sky beast
    98 | D:1      | Escaped the Abyss
   174 | D:1      | Reached XP level 2. HP: 27/29 MP: 5/5
   219 | D:1      | Reached * piety under Lugonu
   475 | D:1      | Reached XP level 3. HP: 35/35 MP: 6/6
  1119 | D:2      | Reached skill level 1 in Short Blades
  1119 | D:2      | Reached skill level 1 in Long Blades
  1119 | D:2      | Reached skill level 1 in Maces & Flails
  1119 | D:2      | Reached skill level 1 in Polearms
  1119 | D:2      | Reached skill level 1 in Staves
  1119 | D:2      | Reached skill level 1 in Slings
  1119 | D:2      | Reached skill level 1 in Bows
  1119 | D:2      | Reached skill level 1 in Crossbows
  1119 | D:2      | Reached skill level 1 in Throwing
  1119 | D:2      | Reached skill level 1 in Stealth
  1119 | D:2      | Reached skill level 1 in Shields
  1119 | D:2      | Reached skill level 1 in Unarmed Combat
  1119 | D:2      | Reached skill level 1 in Spellcasting
  1119 | D:2      | Reached skill level 1 in Evocations
  1359 | D:2      | Reached XP level 4. HP: 39/41 MP: 7/7
  1512 | D:2      | Found an opulent altar of Gozag.
  1566 | D:2      | Reached skill level 1 in Conjurations
  1566 | D:2      | Reached skill level 1 in Hexes
  1566 | D:2      | Reached skill level 1 in Summonings
  1566 | D:2      | Reached skill level 1 in Necromancy
  1566 | D:2      | Reached skill level 1 in Translocations
  1566 | D:2      | Reached skill level 1 in Transmutations
  1566 | D:2      | Reached skill level 1 in Fire Magic
  1566 | D:2      | Reached skill level 1 in Ice Magic
  1566 | D:2      | Reached skill level 1 in Air Magic
  1566 | D:2      | Reached skill level 1 in Earth Magic
  1566 | D:2      | Reached skill level 1 in Poison Magic
  1997 | D:3      | Noticed an ogre
  2011 | D:3      | Killed an ogre
  2012 | D:3      | Reached XP level 5. HP: 5/47 MP: 8/8
  2012 | D:3      | HP: 2/47 [adder (3)]
  2020 | D:3      | Reached ** piety under Lugonu
  2407 | D:3      | Noticed Robin
  2425 | D:3      | Killed Robin
  2426 | D:3      | Reached skill level 5 in Invocations
  2483 | D:3      | Reached XP level 6. HP: 51/53 MP: 9/9
  2536 | D:3      | Noticed Sigmund
  2739 | D:3      | Killed Sigmund
  2740 | D:3      | Reached skill level 5 in Axes
  2740 | D:3      | Reached skill level 5 in Armour
  2993 | D:3      | Found an opulent altar of Gozag.
  3050 | D:3      | Found a glowing silver altar of Zin.
  3266 | D:4      | Reached XP level 7. HP: 59/59 MP: 10/10
  3269 | D:4      | Found a staircase to the Ecumenical Temple.
  3373 | D:4      | Reached skill level 7 in Fighting
  4118 | D:5      | Entered Level 5 of the Dungeon
  4133 | D:5      | You fall into a shaft and drop 3 floors!
  4185 | D:7      | Got a fine mace
  4186 | D:7      | Identified the +6 mace "Vieme" {venom, rPois rF+ rC++
                  | Dex-5} (You found it on level 7 of the Dungeon)
  4256 | D:6      | Noticed Maggie
  4285 | D:6      | Killed Maggie
  4286 | D:6      | Reached XP level 8. HP: 34/67 MP: 12/12
  4473 | D:6      | Reached *** piety under Lugonu
  4973 | D:5      | Noticed Grinder
  4990 | D:5      | Killed Grinder
  5294 | D:5      | Noticed Menkaure
  5303 | D:5      | Killed Menkaure
  5304 | D:5      | Reached XP level 9. HP: 52/73 MP: 14/14
  5506 | D:5      | Found a hide-covered altar of Uskayaw.
  5510 | D:5      | Gained mutation: You are partially covered in rugged brown
                  | scales. (AC +1, +3% HP) [potion of mutation]
  5510 | D:5      | Gained mutation: You passively map a small area around you.
                  | [potion of mutation]
  5523 | D:5      | Found a basalt altar of Yredelemnul.
  5523 | D:5      | Found a shadowy altar of Dithmenos.
  5524 | D:5      | Found a broken altar of Ashenzari.
  5524 | D:5      | Found an iron altar of Okawaru.
  5524 | D:5      | Found an ancient bone altar of Kikubaaqudgha.
  5524 | D:5      | Found a glowing golden altar of the Shining One.
  5800 | D:6      | Noticed Blork the orc
  5811 | D:6      | Killed Blork the orc
  7178 | D:7      | Reached skill level 5 in Dodging
  7345 | D:7      | Reached skill level 8 in Fighting
  7513 | D:7      | Found a burning altar of Makhleb.
  7513 | D:7      | Noticed a cacodemon
  7516 | D:7      | Noticed a hellwing
  7851 | D:8      | Found a glowing golden altar of the Shining One.
  8535 | D:8      | Reached XP level 10. HP: 82/82 MP: 17/17
  8540 | D:8      | Reached **** piety under Lugonu
  8865 | D:9      | Reached skill level 5 in Short Blades
  8865 | D:9      | Reached skill level 5 in Long Blades
  8865 | D:9      | Reached skill level 5 in Maces & Flails
  8865 | D:9      | Reached skill level 5 in Polearms
  8865 | D:9      | Reached skill level 5 in Staves
  8865 | D:9      | Reached skill level 5 in Slings
  8865 | D:9      | Reached skill level 5 in Bows
  8865 | D:9      | Reached skill level 5 in Crossbows
  8865 | D:9      | Reached skill level 5 in Throwing
  8865 | D:9      | Reached skill level 5 in Stealth
  8865 | D:9      | Reached skill level 5 in Shields
  8865 | D:9      | Reached skill level 5 in Unarmed Combat
  8865 | D:9      | Reached skill level 5 in Spellcasting
  8865 | D:9      | Reached skill level 5 in Evocations
  9038 | D:9      | Noticed a brown ugly thing
  9082 | D:9      | Killed a brown ugly thing
  9321 | D:9      | Noticed Erolcha
  9340 | D:9      | Killed Erolcha
 10309 | D:10     | Entered Level 10 of the Dungeon
 10309 | D:10     | Noticed Urug
 10330 | D:10     | Paralysed by a hornet for 1 turns
 10486 | D:10     | Noticed Joseph
 10618 | D:9      | Killed Urug
 10848 | D:10     | Cast into level 2 of the Abyss (Joseph)
 10942 | Abyss:2  | Noticed a smoke demon
 10943 | D:10     | Escaped the Abyss
 10954 | D:10     | Killed Joseph
 10955 | D:10     | Reached XP level 11. HP: 72/89 MP: 19/19
 11491 | D:10     | Reached skill level 9 in Fighting
 11518 | D:10     | Identified the Handbook of Cold
 11564 | D:10     | Found a basalt altar of Yredelemnul.
 11959 | D:10     | Reached skill level 5 in Conjurations
 11959 | D:10     | Reached skill level 5 in Hexes
 11959 | D:10     | Reached skill level 5 in Summonings
 11959 | D:10     | Reached skill level 5 in Necromancy
 11959 | D:10     | Reached skill level 5 in Translocations
 11959 | D:10     | Reached skill level 5 in Transmutations
 11959 | D:10     | Reached skill level 5 in Fire Magic
 11959 | D:10     | Reached skill level 5 in Ice Magic
 11959 | D:10     | Reached skill level 5 in Air Magic
 11959 | D:10     | Reached skill level 5 in Earth Magic
 11959 | D:10     | Reached skill level 5 in Poison Magic
 12108 | D:10     | Found a staircase to the Lair.
 12118 | D:10     | Identified the +3 great mace of Zokhiasu {antimagic, rF-
                  | rC++}
 12118 | D:10     | Identified the +6 dire flail "Vuecee Pimit" {holy, rElec
                  | rPois Str+2}
 12118 | D:10     | Noticed a two-headed ogre
 12118 | D:10     | Noticed kuniqs's ghost (journeyman MiGl)
 12119 | D:10     | Found a transporter.
 12119 | D:10     | Found a transporter.
 12124 | D:10     | Noticed a two-headed ogre
 12214 | D:10     | Noticed Snorg
 12248 | D:10     | Corrupted D:10
 12248 | D:10     | Noticed a great orb of eyes
 12248 | D:10     | Noticed a starcursed mass
 12248 | D:10     | Noticed a large abomination
 12248 | D:10     | Noticed a tentacled starspawn
 12248 | D:10     | Noticed a starcursed mass
 12248 | D:10     | Noticed a balrug
 12248 | D:10     | Noticed a bone dragon
 12248 | D:10     | Noticed a green death
 12249 | D:10     | Noticed an eidolon
 12250 | D:10     | Noticed a worldbinder
 12250 | D:10     | Noticed a worldbinder
 12251 | D:10     | Killed Snorg
 12259 | D:10     | Killed from afar by a starcursed mass

Illustrated notes

Levels and vault maps discovered:
D:1:      lightli_arrival_quake, layout_basic, nrook_mini_backslash,
          minmay_misc_feat_square
D:2:      layout_loops_ring, grunt_gozag_statues
D:3:      layout_rooms, grunt_temple_overflow_gold_and_silver,
          minmay_surrounded, uniq_robin, uniq_sigmund
D:4:      layout_loops_corners, minmay_temple_entry_statues_pillars
D:5:      layout_basic, grunt_temple_overflow_open, uniq_grinder, uniq_menkaure
D:6:      layout_rooms, serial_bayou, serial_bayou_pond_a, serial_bayou_shore_b,
          serial_bayou_pond_a, serial_bayou_lake_a, minmay_hedge_maze,
          minivault_23, minmay_misc_feat_more_columns, minmay_misc_feat_cross,
          uniq_maggie, uniq_blork_the_orc
D:7:      layout_cave_pools, hex_medium, makhleb_altar_promises_db
D:8:      layout_basic, basic_altar
D:9:      minmay_thick_lines, layout_basic, uniq_erolcha
D:10:     layout_stronghold, lair_entry_dummy, erik_orc_3, basic_altar,
          gammafunk_ghost_smash, hangedman_abyss_or_decor_passed, uniq_joseph,
          uniq_nergalle, uniq_urug, uniq_snorg

Skill      XL: |  1  2  3  4  5  6  7  8  9 10 11 |
---------------+----------------------------------+-----
Short Blades   | 1 2 3 4 5 6 |  6.1
Long Blades    | 1 2 3 4 5 6 |  6.1
Maces & Flails | 1 2 3 4 5 6 |  6.1
Polearms       | 1 2 3 4 5 6 |  6.1
Staves         | 1 2 3 4 5 6 |  6.1
Slings         | 1 2 3 4 5 6 |  6.1
Bows           | 1 2 3 4 5 6 |  6.1
Crossbows      | 1 2 3 4 5 6 |  6.1
Throwing       | 1 2 3 4 5 6 |  6.1
Stealth        | 1 2 3 4 5 6 |  6.1
Shields        | 1 2 3 4 5 6 |  6.1
Unarmed Combat | 1 2 3 4 5 6 |  6.1
Spellcasting   | 1 2 3 4 5 6 |  6.1
Evocations     | 1 2 3 4 5 6 |  6.1
Conjurations   | 1 2 3 4 5 |  5.1
Hexes          | 1 2 3 4 5 |  5.1
Summonings     | 1 2 3 4 5 |  5.1
Necromancy     | 1 2 3 4 5 |  5.1
Translocations | 1 2 3 4 5 |  5.1
Transmutations | 1 2 3 4 5 |  5.1
Fire Magic     | 1 2 3 4 5 |  5.1
Ice Magic      | 1 2 3 4 5 |  5.1
Air Magic      | 1 2 3 4 5 |  5.1
Earth Magic    | 1 2 3 4 5 |  5.1
Poison Magic   | 1 2 3 4 5 |  5.1
Dodging        | 3 4 5 6 |  6.7
Invocations    | 5 6 7 8 |  8.2
Axes           | 5 6 7 |  7.7
Armour         | 5 6 7 |  7.7
Fighting       | 7 8 9 |  9.1

Action                   |  1- 3 |  4- 6 |  7- 9 | 10-12 || total
-------------------------+-------+-------+-------+-------++-------
Melee: Hand axe          |    84 |    10 |       |       ||    94
       Bite              |     6 |     7 |    33 |    35 ||    81
       Flail             |       |    85 |   332 |       ||   417
       Demon whip        |       |       |    34 |   232 ||   266
       War axe           |       |       |       |    71 ||    71
Throw: Dart              |       |     9 |    11 |     2 ||    22
Invok: Depart the Abyss  |     1 |       |       |     1 ||     2
       Banish            |       |       |     3 |       ||     3
       Bend Space        |       |       |       |     3 ||     3
       Corrupt           |       |       |       |     1 ||     1
  Use: Scroll            |     6 |     6 |     9 |       ||    21
       Potion            |     1 |       |     7 |     3 ||    11
Armor: Scale mail        |    38 |    64 |    76 |       ||   178
       Chain mail        |       |       |    89 |       ||    89
       Plate armour      |       |       |    18 |   155 ||   173
Dodge: Dodged            |    51 |    89 |   218 |   150 ||   508
Block: Kite shield       |       |     1 |   225 |   236 ||   462

Table legend: (Time is in decaauts)
 A = Elapsed time spent in this place.
 B = Non-inter-level travel time spent in this place.
 C = Inter-level travel time spent in this place.
 D = Time resting spent in this place.
 E = Time spent auto-exploring this place.
 F = Levels seen in this place.
 G = Mean time per level.
                   A        B        C        D        E       F      G
               +--------+--------+--------+--------+--------+-----+--------+
         Total |  12427 |  12119 |    308 |   2768 |   6985 |  13 |  955.9 |
       Dungeon |  12234 |  11926 |    308 |   2768 |   6830 |  10 | 1223.4 |
         Abyss |    192 |    192 |      0 |      0 |    155 |   3 |   64.0 |
               +--------+--------+--------+--------+--------+-----+--------+

Top non-repeatable levels by time:
     D:9: 2362 daAuts
     D:6: 2067 daAuts
     D:2: 1139 daAuts
    D:10: 1037 daAuts
     D:4: 992 daAuts
     D:3: 992 daAuts
     D:1: 953 daAuts
     D:5: 950 daAuts
     D:8: 944 daAuts
     D:7: 796 daAuts
 Abyss:2: 140 daAuts
 Abyss:1: 52 daAuts
